 Dungeon Crawl Stone Soup version 0.18.1-6-gd335043 (webtiles) character file.

35 epen the Unweaver (level 3, 0/29 HPs)
             Began as a Demonspawn Abyssal Knight on May 19, 2016.
             Was a Follower of Lugonu.
             Slain by Terence
             ... wielding a +1 flail of holy wrath
              (6 damage)
             ... on level 1 of the Dungeon.
             The game lasted 00:01:50 (1247 turns).

epen the Unweaver (Demonspawn Abyssal Knight)       Turns: 1247, Time: 00:01:51

Health: 0/29       AC:  5    Str: 13    XL:     3   Next: 17%
Magic:  5/5        EV: 11    Int: 13    God:    Lugonu [*.....]
Gold:   44         SH:  0    Dex: 12    Spells: 0 memorised, 2 levels left

rFire  . . .     SeeInvis .     a - +1 falchion
rCold  . . .     Gourm    .     b - +0 leather armour
rNeg   . . .     Faith    .     (no shield)
rPois  .         Spirit   .     (helmet restricted)
rElec  .         Dismiss  .     (no cloak)
rCorr  .         Reflect  .     (no gloves)
SustAt .         Harm     .     (no boots)
MR     .....                    (no amulet)
Stlth  +.........               (no ring)
                                (no ring)

@: not resistant to hostile enchantments, very unstealthy
A: antennae 1, slimy green scales 1
a: Depart the Abyss, Renounce Religion


You were on level 1 of the Dungeon.
You worshipped Lugonu.
Lugonu was aware of your devotion.
You were hungry.

You visited 1 branch of the dungeon, and saw 2 of its levels.
You visited the Abyss 1 time.

You collected 44 gold pieces.

Inventory:

Hand Weapons
 a - a +1 falchion (weapon)
Armour
 b - a +0 leather armour (worn)
Jewellery
 i - an uncursed amulet of faith {unknown}
Scrolls
 d - 2 scrolls of amnesia {unknown}
 e - 3 scrolls of remove curse {unknown}
 f - a scroll of immolation {unknown}
 g - 2 scrolls of identify {unknown}
 l - a scroll of recharging {unknown}
Potions
 h - 3 potions of mutation {unknown}
 j - a potion of lignification {unknown}
 k - a potion of heal wounds {unknown}
 m - a potion of haste {unknown}
 n - a potion of agility {unknown}
Comestibles
 c - 2 bread rations
 o - a chunk of flesh


   Skills:
 + Level 3.3 Fighting
 * Level 2.1 Long Blades
 + Level 2.1 Armour
 + Level 1.0 Dodging
 * Level 3.4 Invocations


You had 2 spell levels left.
You didn't know any spells.

Dungeon Overview and Level Annotations

Branches:
Dungeon (2/15)

Altars:

Annotations:
D:1 Terence


Innate Abilities, Weirdness & Mutations

You have a pair of small antennae on your head.
You are partially covered in slimy green scales (AC +2).


Message History

Terence is moderately wounded.
Terence barely misses you.
You barely miss Terence.
Terence is moderately wounded.
Terence hits you with a flail of holy wrath.
You convulse.
You hit Terence but do no damage.
Terence is moderately wounded.
Terence hits you but does no damage.
You hit Terence but do no damage.
Terence is moderately wounded.
Terence hits you with a flail of holy wrath.
You convulse.
Terence says, "How do you enjoy it?"
You are feeling hungry.
There is a stone staircase leading down here.
Terence hits you with a flail of holy wrath.
* * * LOW HITPOINT WARNING * * *
You convulse.
You die...

#.## ##.##.##.# #.#
#.##.##.# #.#
#.##.##.# #'##
#.##..#.# ...##
#.###.#†# ....##
#.###.#.# .....##
##.##....#
......####........##
......+........@@..#
.)....####.........#
.....## ##....>...#
....## ##.#...###
...## #.#...# #'##
#.##### #.# #.# #.#
#.# #.## #.#


You could see Terence.

Vanquished Creatures
  A dart slug (D:1)
  2 giant geckos (D:1)
  2 giant cockroaches (D:1)
  4 goblins
  5 hobgoblins (D:1)
  A quokka (D:1)
  4 bats
  A giant newt (D:2)
  3 kobolds (D:1)
  7 rats
30 creatures vanquished.

Vanquished Creatures (others)
  14 starspawn tentacle segments (Abyss:1)
14 creatures vanquished.

Grand Total: 44 creatures vanquished

Notes
Turn   | Place    | Note
--------------------------------------------------------------
     0 | Abyss:1  | epen the Demonspawn Abyssal Knight began the quest for the Orb.
     0 | Abyss:1  | Reached XP level 1. HP: 18/18 MP: 2/2
    20 | Abyss:1  | Found a corrupted altar of Lugonu.
    38 | Abyss:1  | Noticed a small abomination
    40 | Abyss:1  | Noticed a tentacled starspawn
    43 | D:1      | Escaped the Abyss
   250 | D:1      | Gained mutation: You have a pair of small antennae on your head. [demonic ancestry]
   250 | D:1      | Reached XP level 2. HP: 21/24 MP: 4/4
   433 | D:1      | Reached * piety under Lugonu
   890 | D:1      | Reached skill level 1 in Dodging
  1010 | D:2      | Gained mutation: You are partially covered in slimy green scales (AC +2). [demonic ancestry]
  1010 | D:2      | Reached XP level 3. HP: 29/29 MP: 5/5
  1042 | D:2      | Noticed Terence
  1247 | D:1      | Slain by Terence

Skill      XL: |  1  2 |
---------------+-------+-----
Armour         | 2 |  2.1
Long Blades    | 2 |  2.1
Invocations    | 3 |  3.4
Dodging        | 1 |  1.0
Fighting       | |  3.3

Action                   || total
-------------------------++-------
Melee: Falchion          ||   104
Invok: Depart the Abyss  ||     1
  Eat: Chunk             ||     1
Armor: Leather armour    ||    46
Dodge: Dodged            ||    79
